Map: Deathaura LE

Players

Tefloon - Winner!

  • Race: Zerg Zerg
  • Spawn Location: 11:00

VOD

Have the link to the VOD?

Description

Almost perfect - forgot Lair!!!

Time

  • Played on: July 18, 2020, 1:50 p.m.
  • Length: 2:35
Show
View Real Time Build Order
Export as new Build Order

Tefloon Zerg - Winner!

Build Orders: Hatch First 

Get SALT Encoding   

  12  0:03  Drone  
  12  0:13  Overlord  
  12  0:16  Drone  
  12  0:31  Drone x2  
  12  0:37  Drone  
  12  0:53  Hatchery  
  12  0:56  Drone  
  12  1:02  Extractor  
  12  1:04  Drone  
  12  1:15  Spawning Pool  
  12  1:19  Drone  
  12  1:23  Drone  
  12  1:30  Drone  
  12  1:40  Overlord  
  12  1:51  Drone  
  12  2:03  Drone  
  12  2:11  Drone  
  12  2:15  Drone  
  12  2:17  Zergling x2  
Tags
 
Add a new tag
Caveats
  • Supply blocks, unpowered buildings, or Contaminate may cause inaccurate times.
  • Supply counts are checked every 10 seconds.